 Dungeon Crawl Stone Soup version 0.30-a0-272-gf98c3da03f (webtiles) character file.

Game seed: 8254664690872968691

65 blackops3 the Firebug (level 4, -8/27 HPs)
             Began as an Octopode Fire Elementalist on Oct 15, 2022.
             Mangled by an ice beast (14 damage)
             ... on level 2 of the Dungeon.
             The game lasted 00:05:17 (1913 turns).

blackops3 the Firebug (Octopode Fire Elementalist)  Turns: 1913, Time: 00:05:20

Health: -8/27      AC:  5    Str:  7    XL:     4   Next: 14%
Magic:  11/16      EV: 13    Int: 19    God:
Gold:   154        SH:  0    Dex: 12    Spells: 7/8 levels left

rFire   . . .      SeeInvis .    (no weapon)
rCold   . . .      Faith    .    (no shield)
rNeg    . . .      Spirit   .    (helmet restricted)
rPois   .          Reflect  .    (no amulet)
rElec   .          Harm     .    g - +4 ring of protection
rCorr   .          Rampage  .    e - ring of magical power
Will    .....                    (no ring)
Stlth   +++.......               (no ring)
HPRegen 0.24/turn                (no ring)
MPRegen 0.15/turn                (no ring)
                                 (no ring)
                                 (no ring)

@: no status effects
A: almost no armour, amphibious, 8 rings, camouflage 1, gelatinous body 1,
(nimble swimmer 1), tentacles
a: no special abilities


You were on level 2 of the Dungeon.
You visited 1 branch of the dungeon, and saw 3 of its levels.

You collected 154 gold pieces.

Inventory:

Jewellery
 e - a ring of magical power (right tentacle)
 g - a +4 ring of protection (left tentacle)
Scrolls
 b - a scroll of identify
 c - a scroll of amnesia
 d - a scroll of butterflies {unknown}
 j - a scroll of fear {unknown}
Potions
 a - a potion of magic
 f - a potion of brilliance {unknown}
 h - 2 potions of haste {unknown}
 i - 3 potions of curing {unknown}


   Skills:
 + Level 2.4 Dodging
 + Level 3.1 Stealth
 + Level 0.4 Unarmed Combat
 + Level 2.6 Spellcasting
 + Level 1.2 Conjurations
 * Level 3.8 Fire Magic


You had 7 spell levels left.
You knew the following spells:

 Your Spells              Type           Power      Damage    Failure   Level
a - Foxfire               Conj/Fire      48%        2x1d6     5%          1

Your spell library contained the following spells:

 Spells                   Type           Power      Damage    Failure   Level
 Scorch                   Fire           34%        2d6       4%          2
 Necrotise                Necr           8%         1d4       16%         1
 Inner Flame              Hex/Fire       9%         N/A       22%         3
 Kindle Blastsparks       Fire/Tloc/Air  14%        2d11      28%         3
 Portal Projectile        Hex/Tloc       4%         N/A       43%         3
 Tukima's Dance           Hex            2%         N/A       43%         3
 Flame Wave               Conj/Fire      12%        2d6       50%         4
 Blade Hands              Tmut           1%         N/A       99%         5
 Malign Gateway           Summ/Tloc      1%         N/A       100%        7
 Summon Horrible Things   Summ           1%         N/A       100%        8


Dungeon Overview and Level Annotations

Branches:
Dungeon (3/15)

Altars:

Shops:
D:2 (


Innate Abilities, Weirdness & Mutations

You cannot wear most types of armour.
You are amphibious.
You can wear up to eight rings at the same time.
Your skin changes colour to match your surroundings (Stealth+).
Your rubbery body absorbs attacks. (AC +1, EV +1)
((You are camouflaged when in or above water. (Stealth+)))
You have tentacles for arms and can constrict up to eight enemies at once.


Message History

The foxfire hits the ice beast but does no damage.
The ice beast is almost dead.
The foxfire hits the ice beast.
The ice beast is almost dead.
You are too injured to fight recklessly!
You are too injured to fight recklessly!
You are too injured to fight recklessly!
You tentacle-slap the ice beast.
The ice beast is almost dead.
The ice beast hits you but does no damage.
You barely miss the ice beast. Your squeeze misses the ice beast.
The ice beast is almost dead.
The ice beast hits you but does no damage.
You tentacle-slap the ice beast but do no damage.
The ice beast is almost dead.
The ice beast hits you but does no damage.
You tentacle-slap the ice beast but do no damage.
The ice beast is almost dead.
The ice beast barely misses you.
You tentacle-slap the ice beast but do no damage.
The ice beast is almost dead.
The ice beast hits you but does no damage.
You tentacle-slap the ice beast but do no damage.
The ice beast is almost dead.
The ice beast barely misses you.
Casting: Foxfire (safe; 5% risk of failure)
Confirm with . or Enter, or press ? or * to list all spells.
You conjure some foxfire!
The ice beast hits you but does no damage.
Your foxfire dissipates!
The foxfire hits the ice beast.
The ice beast melts!
The ice beast is almost dead.
The ice beast hits you but does no damage.
Casting: Foxfire (safe; 5% risk of failure)
Confirm with . or Enter, or press ? or * to list all spells.
You conjure some foxfire!
The ice beast hits you.
* * * LOW HITPOINT WARNING * * *
The ice beast freezes you!
Ouch! That really hurt!
You die...

############ #..#.## #<#.......
#### ##.###.## #.#.###### ...#
#.## ##.# #.#.# ##.##
#######.###.## #.#.#
....#####........#.## #.#.#
##................######.#.#
##.#####.#####........>...######
#.# #.# #..Y.......##......
#.#####.# ##@v..........#####
#.......# #.v###########
######### #(.# ####


You could see an ice beast (ally target).

Vanquished Creatures
  3 adders (D:2)
  A dart slug (D:1)
  3 bats
  2 endoplasms (D:2)
  2 giant cockroaches (D:1)
  5 goblins
  3 hobgoblins
  A jackal (D:2)
  4 ball pythons
  4 frilled lizards
  5 kobolds
  A rat (D:1)
34 creatures vanquished.

Vanquished Creatures (others)
  42 foxfires
42 creatures vanquished.

Grand Total: 76 creatures vanquished

Notes
Turn   | Place    | Note
-------+----------+-------------------------------------------
     0 | D:1      | blackops3 the Octopode Fire Elementalist began the quest
                  | for the Orb.
     0 | D:1      | Reached XP level 1. HP: 11/11 MP: 3/3
   382 | D:1      | Got the Lessons on the Gathered Dead
   417 | D:1      | Reached XP level 2. HP: 10/17 MP: 5/5
  1136 | D:2      | Found a faded altar of an unknown god.
  1160 | D:2      | Reached XP level 3. HP: 13/21 MP: 1/6
  1571 | D:2      | Reached XP level 4. HP: 26/27 MP: 7/7
  1666 | D:2      | Found Laoway's Weapon Shop.
  1872 | D:3      | Noticed an ice beast
  1913 | D:2      | Mangled by an ice beast

Illustrated notes

Levels and vault maps discovered:
D:1:      wander_arrival_estate, layout_basic, serial_corexii_hall,
          chequers_hall_statues_y, chequers_hall_statues_wall_a,
          corexii_hall_statues_u, minmay_misc_feat_rows
D:2:      layout_loops_ring, serial_shops, nicolae_shop_bloodbath_and_beyond,
          ebering_ecumenical_altar_rust, minmay_heptomino_h4
D:3:      layout_basic, marbit_many_paths, minmay_ruptured

Skill      XL: |  1  2  3 |
---------------+----------+-----
Stealth        | 3 |  3.1
Dodging        | |  2.4
Unarmed Combat | |  0.4
Spellcasting   | |  2.6
Conjurations   | |  1.2
Fire Magic     | |  3.8

Action                   |  1- 3 |  4- 6 || total
-------------------------+-------+-------++-------
Melee: Unarmed           |    84 |    20 ||   104
       Tentacles         |    14 |     4 ||    18
       Constrict         |    21 |     2 ||    23
 Cast: Foxfire           |    18 |    10 ||    28
  Use: Scroll            |       |     1 ||     1
 Stab: Sleeping          |     6 |     1 ||     7
Armor: Skin              |    21 |    13 ||    34
Dodge: Dodged            |    66 |    23 ||    89

Table legend: (Time is in decaauts)
 A = Elapsed time spent in this place.
 B = Non-inter-level travel time spent in this place.
 C = Inter-level travel time spent in this place.
 D = Time resting spent in this place.
 E = Time spent auto-exploring this place.
 F = Levels seen in this place.
 G = Mean time per level.
                   A        B        C        D        E       F      G
               +--------+--------+--------+--------+--------+-----+--------+
         Total |   1912 |   1769 |    143 |     49 |   1401 |   3 |  637.3 |
       Dungeon |   1912 |   1769 |    143 |     49 |   1401 |   3 |  637.3 |
               +--------+--------+--------+--------+--------+-----+--------+

Top non-repeatable levels by time:
     D:1: 1034 daAuts
     D:2: 841 daAuts
     D:3: 36 daAuts
